 Dungeon Crawl Stone Soup version 0.29.1-2-gbd0b4ee654 (webtiles) character file.

Game seed: 6505013744500688795

64 bullfish the Shooter (level 4, 0/26 HPs)
             Began as a Kobold Hunter on Nov 17, 2022.
             Slain by an orc wizard
             ... wielding a +0 dagger
              (2 damage)
             ... on level 3 of the Dungeon.
             The game lasted 00:06:14 (1572 turns).

bullfish the Shooter (Kobold Hunter)                Turns: 1572, Time: 00:06:15

Health: 0/26       AC:  3    Str:  8    XL:     4   Next: 32%
Magic:  4/4        EV: 15    Int: 10    God:
Gold:   48         SH:  0    Dex: 20    Spells: 3/3 levels left

rFire   . . .      SeeInvis .   b - +0 dagger
rCold   . . .      Faith    .   (no shield)
rNeg    . . .      Spirit   .   c - +0 leather armour
rPois   .          Reflect  .   (no helmet)
rElec   .          Harm     +   j - scarf {harm}
rCorr   .          Rampage  .   (no gloves)
Will    .....                   (no boots)
Stlth   ++++......              (no amulet)
HPRegen 0.08/turn               (no ring)
MPRegen 0.09/turn               (no ring)

@: no status effects
A: small, no large weapons, nightstalker 3
a: no special abilities


You were on level 3 of the Dungeon.
You visited 1 branch of the dungeon, and saw 3 of its levels.

You collected 48 gold pieces.

Inventory:

Hand Weapons
 a - a +0 shortbow
 b - a +0 dagger (weapon)
Armour
 c - a +0 leather armour (worn)
 j - a scarf of harm (worn)
Magical Staves
 l - a staff of death
Scrolls
 e - 2 scrolls of teleportation {unknown}
 f - a scroll of immolation
 g - a scroll of enchant armour {unknown}
 i - a scroll of identify {unknown}
 k - a scroll of poison {unknown}
 n - a scroll of summoning {unknown}
Potions
 d - a potion of brilliance {unknown}
 h - a potion of curing {unknown}
 m - a potion of berserk rage {unknown}


   Skills:
 - Level 2.1 Fighting
 + Level 5.9 Ranged Weapons
 + Level 3.3 Dodging
 + Level 3.9 Stealth


You had 3 spell levels left.
You didn't know any spells.
Your spell library contained the following spells:

 Spells                   Type           Power      Damage    Failure   Level
 Frozen Ramparts          Ice            0%         1d1       86%         3
 Ice Form                 Ice/Tmut       0%         N/A       99%         4
 Summon Ice Beast         Ice/Summ       0%         N/A       99%         4


Dungeon Overview and Level Annotations

Branches:
Dungeon (3/15)

Altars:

Annotations:
D:1 1 runed translucent door


Innate Abilities, Weirdness & Mutations

You are small and have problems with some larger weapons.
You are completely attuned to the shadows.


Message History

A rat comes into view.
Something hits you.
Fire: a) +0 shortbow
Press: ? - help, Q - select action Shift-Dir - straight line, f - rat
Aim: a rat (wandering, hasn't noticed you, 65% to hit)
You shoot an arrow. Something hits you but does no damage. Something hits you.
Fire: a) +0 shortbow
Press: ? - help, Q - select action Shift-Dir - straight line, f/p - rat
Aim: a rat (65% to hit)
You shoot an arrow. The arrow hits the rat.
The rat is heavily wounded.
Something hits you.
Fire: a) +0 shortbow
Press: ? - help, Q - select action Shift-Dir - straight line, f/p - rat
Aim: a rat (heavily wounded, 65% to hit)
You shoot an arrow. The arrow hits the rat!
You kill the rat!
Something hits you.
b - a +0 dagger (weapon)
Something hits you.
You completely miss something.
You hear some strange, mumbled words.
You are confused.
You miss something. Something hits you.
You miss something. Something hits you.
You completely miss something. Something hits you.
You bump into the rock wall.
Something hits you.
You bump into the rock wall.
You feel less confused. Something hits you.
* * * LOW HITPOINT WARNING * * *
You miss something. Something hits you.
* * * LOW HITPOINT WARNING * * *
You hit something. Something hits you.
* * * LOW HITPOINT WARNING * * *
You completely miss something. Something hits you.
* * * LOW HITPOINT WARNING * * *
You hit something. Your punch misses something. Something hits you.
You die...

...# .#
.##..#####.#
........†...
.>.....<.#.#
.....@{.†..#
###.###.....
#. ...... #.
####### #.


There were no monsters in sight!

Vanquished Creatures
  An adder (D:2)
  2 worms (D:2)
  3 dart slugs
  3 bats
  4 endoplasms
  3 giant cockroaches
  5 goblins
  4 hobgoblins
  4 kobolds
  2 ball pythons
  5 frilled lizards
  5 rats
41 creatures vanquished.

Notes
Turn   | Place    | Note
-------+----------+-------------------------------------------
     0 | D:1      | bullfish the Kobold Hunter began the quest for the Orb.
     0 | D:1      | Reached XP level 1. HP: 12/12 MP: 1/1
     1 | D:1      | Found a runed translucent door.
   260 | D:1      | Reached XP level 2. HP: 17/17 MP: 2/2
   722 | D:1      | Reached XP level 3. HP: 21/21 MP: 3/3
  1321 | D:2      | Reached XP level 4. HP: 17/26 MP: 4/4
  1572 | D:3      | Slain by an orc wizard

Illustrated notes

Levels and vault maps discovered:
D:1:      dpeg_arrival_caged_fury, layout_loops_corners
D:2:      layout_rooms, hangedman_glass_teeth
D:3:      layout_loops_ring, dreamdust_ecumenical_altar_angels_and_demons,
          serial_shops, shop, shop, shop, minmay_liquid_box,
          uniq_crazy_yiuf_cottage

Skill      XL: |  1  2  3 |
---------------+----------+-----
Stealth        | 2 3 |  3.9
Dodging        | 3 |  3.3
Fighting       | |  2.1
Ranged Weapons | |  5.9

Action                   |  1- 3 |  4- 6 || total
-------------------------+-------+-------++-------
Melee: Dagger            |       |     8 ||     8
       Shortbow          |       |     1 ||     1
 Fire: Shortbow          |    69 |    24 ||    93
Armor: Leather armour    |     7 |    15 ||    22
Dodge: Dodged            |    20 |    31 ||    51
